 Dungeon Crawl Stone Soup version 0.28-a0-983-g1de4e0787c (webtiles) character file.

Game seed: 11430794384587360489

746 AarnesTheHuman the Gusty (level 7, -6/41 HPs)
             Began as a Tengu Air Elementalist on Dec 3, 2021.
             Was an Initiate of Fedhas.
             Killed from afar by Maggie (23 damage)
             ... with a bolt of fire
             ... on level 6 of the Dungeon.
             The game lasted 00:19:52 (8721 turns).

AarnesTheHuman the Gusty (Tengu Air Elementalist)   Turns: 8721, Time: 00:19:53

Health: -6/41      AC:  4    Str: 12    XL:     7   Next: 77%
Magic:  7/13       EV: 14    Int: 17    God:    Fedhas [......]
Gold:   227        SH:  5    Dex: 15    Spells: 7/13 levels left

rFire   . . .      SeeInvis .   a - +5 dagger of a Labyrinth {flame, rElec Str+4}
rCold   . . .      Faith    .   (no shield)
rNeg    + . .      Spirit   .   j - +1 leather armour
rPois   .          Reflect  +   (helmet restricted)
rElec   +          Harm     .   u - scarf {+Inv}
rCorr   .          Rampage  .   (no gloves)
Will    .....                   (boots unavailable)
Stlth   ++........              f - amulet of reflection
HPRegen 0.13/turn               v - ring of positive energy
MPRegen 0.13/turn               (no ring)

@: weak-willed, flying quickly and evasively, mesmerised, quick
A: beak, talons 3, nimble flight
a: Renounce Religion, Evoke Invisibility


You were on level 6 of the Dungeon.
You worshipped Fedhas.
Fedhas was noncommittal.
You visited 2 branches of the dungeon, and saw 7 of its levels.

You collected 227 gold pieces.

Inventory:

Hand Weapons
 a - the +5 dagger of a Labyrinth (weapon) {flame, rElec Str+4}
   (You found it on level 5 of the Dungeon)

   It burns those it strikes, dealing additional fire damage.
   Str:       It affects your strength (+4).
   rElec:     It insulates you from electricity.
 b - a +0 vorpal hunting sling
 e - a +0 dagger
 n - a +2 short sword of flaming
Missiles
 c - 3 silver javelins
 d - 25 sling bullets
 g - 27 poisoned darts
 k - 8 javelins
 w - 358 stones
Armour
 j - a +1 leather armour (worn)
 o - a +0 robe
 u - a scarf of invisibility (worn)
Jewellery
 f - an amulet of reflection (around neck)
 v - a ring of positive energy (left hand)
Wands
 p - a wand of polymorph (7)
Scrolls
 m - a scroll of brand weapon
 s - a scroll of vulnerability
Potions
 h - a potion of attraction {unknown}
 i - 2 potions of lignification
 l - a potion of might {unknown}
 q - 3 potions of curing
 r - a potion of ambrosia {unknown}
 t - 2 potions of brilliance
 x - a potion of berserk rage {unknown}
 z - a potion of heal wounds
 A - a potion of cancellation {unknown}
 B - a potion of flight {unknown}


   Skills:
 + Level 3.3 Fighting
 - Level 2.1 Dodging
 - Level 2.0 Stealth
 + Level 3.8 Spellcasting
 + Level 4.9 Conjurations
 * Level 7.9 Air Magic
 + Level 0.6 Invocations


You had 7 spell levels left.
You knew the following spells:

 Your Spells              Type           Power      Damage    Failure   Level
a - Shock                 Conj/Air       100%       1d9       1%          1
b - Static Discharge      Conj/Air       25%        N/A       2%          2
c - Swiftness             Air            30%        N/A       2%          3

Your spell library contained the following spells:

 Spells                   Type           Power      Damage    Failure   Level
 Airstrike                Air            15%        N/A       8%          4
 Irradiate                Conj/Tmut      5%         3d15      90%         5
 Blade Hands              Tmut           1%         N/A       99%         5
 Dragon Form              Tmut           1%         N/A       100%        7


Dungeon Overview and Level Annotations

Branches:
Dungeon (6/15)             Temple (1/1) D:5

Altars:
Ashenzari
Cheibriados
Dithmenos
Elyvilon
Fedhas
Gozag
Hepliaklqana
Kikubaaqudgha
Makhleb
Nemelex Xobeh
Okawaru
Qazlal
Ru
Sif Muna
Trog
Uskayaw
Vehumet
Wu Jian
Xom
Yredelemnul
Zin
The Shining One

Shops:
D:2 [   D:4 [

Annotations:
D:3 exclusion: downstairs
D:6 Maggie


Innate Abilities, Weirdness & Mutations

You have a beak for a mouth.
You have claws for feet.
Your magical nature lets you fly swiftly and evasively.


Message History

Maggie is moderately wounded.
The zap hits Maggie but does no damage.
Maggie is moderately wounded.
The zap hits Blork the orc.
You kill Blork the orc!
Fedhas appreciates your contribution to the ecosystem.
Maggie gestures wildly while chanting.
Maggie attempts to bespell you!
You are mesmerised by Maggie!
You cannot move away from Maggie!
Unknown command.
Unknown command.
Aiming: Polymorph
Press: ? - help, Shift-Dir - straight line, f - Maggie
Aim: Maggie, wielding a +1 glaive of flaming and wearing +2 acid dragon scales (moderately wounded, mesmerising, will become an ice beast, a warg, or a kobold, chance to affect: 46%) Maggie resists with some effort.
Casting: Shock (safe; 1% risk of failure)
Confirm with . or Enter, or press ? or * to list all spells.
Aiming: Shock (safe; 1% risk of failure)
Press: ? - help, Shift-Dir - straight line, p - Maggie The zap hits Maggie but does no damage.
Maggie is moderately wounded.
The zap hits Maggie.
Maggie is moderately wounded.
Maggie hits you from afar with a +1 glaive of flaming!
Maggie burns you.
Okay, then.
Unknown command.
Unknown command.
Okay, then.
Unknown command.
Unknown command.
Really read the scroll of vulnerability?
As you read the scroll of vulnerability, it crumbles to dust.
Magic quickly surges around you. Maggie gestures at you while chanting.
The bolt of fire hits you!!
Ouch! That really hurt!
You die...
Fedhas appreciates your contribution to the ecosystem.

.##############
>@.............
...######@#
........#.#######
#.#@#.....#
####.#.#.###.#
#<[....#.# #.#
###.####.# #.#
#......# #.#
#..##### #.#
#....# #.#####
##.#.# #.....#
#.#.#########.#


You could see Maggie (mesmerising, weak-willed).

Vanquished Creatures
  2 ogres
  A phantom (D:5)
  Blork the orc (D:6)
  2 scorpions (D:4)
  2 hounds (D:5)
  2 bullfrog skeletons (D:5)
  A centaur skeleton (D:5)
  An iguana (D:4)
  Terence (D:2)
  A hound skeleton (D:5)
  Robin (D:3)
  2 adders
  A worm (D:2)
  2 dart slugs (D:2)
  3 orcs
  6 ball pythons
  2 endoplasms
  3 giant cockroaches (D:1)
  23 goblins
  10 hobgoblins
  5 jackals
  3 quokkas
  7 bats
  2 frilled lizards
  5 kobolds
  6 rats
95 creatures vanquished.

Notes
Turn   | Place    | Note
-------+----------+-------------------------------------------
     0 | D:1      | AarnesTheHuman the Tengu Air Elementalist began the quest
                  | for the Orb.
     0 | D:1      | Reached XP level 1. HP: 10/10 MP: 4/4
   408 | D:1      | Reached XP level 2. HP: 14/16 MP: 0/6
  1371 | D:2      | Reached XP level 3. HP: 20/20 MP: 1/7
  1374 | D:2      | Learned a level 2 spell: Static Discharge
  1500 | D:2      | Reached skill level 1 in Fighting
  1779 | D:2      | Found Ezumurit's Armour Shoppe.
  2037 | D:2      | Noticed Terence
  2046 | D:2      | Killed Terence
  2047 | D:2      | Reached skill level 5 in Air Magic
  2047 | D:2      | Reached XP level 4. HP: 25/25 MP: 0/8
  3614 | D:3      | Noticed Robin
  4024 | D:3      | Killed Robin
  4025 | D:3      | Gained mutation: Your magical nature lets you fly swiftly
                  | and evasively. [Tengu growth]
  4025 | D:3      | Reached XP level 5. HP: 23/30 MP: 2/9
  4685 | D:4      | Reached skill level 6 in Air Magic
  4846 | D:4      | Noticed an ogre
  4899 | D:4      | Reached XP level 6. HP: 19/35 MP: 5/11
  5271 | D:4      | Found a shimmering altar of Xom.
  5525 | D:4      | You are sucked into a shaft and drop 1 floor!
  5525 | D:5      | Entered Level 5 of the Dungeon
  5646 | D:5      | Reached skill level 7 in Air Magic
  5709 | D:5      | Reached XP level 7. HP: 33/40 MP: 10/13
  5779 | D:5      | Identified the +5 dagger of a Labyrinth {flame, rElec
                  | Str+4}
  6168 | D:5      | Found a staircase to the Ecumenical Temple.
  6291 | Temple   | Entered the Ecumenical Temple
  6946 | Temple   | Became a worshipper of Fedhas Madash
  8480 | D:4      | Found Heses's Armour Shoppe.
  8663 | D:6      | Learned a level 3 spell: Swiftness
  8704 | D:6      | Noticed Maggie
  8710 | D:6      | Noticed Blork the orc
  8718 | D:6      | Killed Blork the orc
  8721 | D:6      | Killed from afar by Maggie

Illustrated notes

Levels and vault maps discovered:
D:1:      dpeg_arrival_signposts, layout_loops_corners
D:2:      layout_loops_cross, serial_shops, shop, minmay_misc_feat_x,
          uniq_terence
D:3:      kennysheep_goblin_castle, layout_loops_ring
D:4:      layout_basic, mainiacjoe_overflow_alcove_4, serial_shops, shop,
          kennysheep_doodads
D:5:      cheibrodos_iron_armory, layout_loops_ring, lemuel_temple_firewalk_b
D:6:      layout_basic, uniq_blork_the_orc, uniq_maggie, uniq_duvessa
Temple:   nicolae_temple_the_god_donut

Skill      XL: |  1  2  3  4  5  6  7 |
---------------+----------------------+-----
Conjurations   | 2 3 4 |  4.9
Fighting       | 1 2 3 |  3.3
Air Magic      | 5 6 7 |  7.9
Spellcasting   | 3 |  3.8
Dodging        | |  2.1
Stealth        | |  2.0
Invocations    | |  0.6

Action                   |  1- 3 |  4- 6 |  7- 9 || total
-------------------------+-------+-------+-------++-------
Melee: Dagger            |     9 |       |     1 ||    10
       Kick              |     3 |     4 |       ||     7
       Peck              |     2 |     2 |       ||     4
       Unarmed           |     1 |       |       ||     1
       Short sword       |       |    15 |       ||    15
 Fire: Hunting sling     |       |    14 |     4 ||    18
 Cast: Shock             |    79 |   114 |    38 ||   231
Evoke: Wand              |       |       |     1 ||     1
  Use: Scroll            |       |     7 |     3 ||    10
Armor: Robe              |     3 |       |       ||     3
       Leather armour    |       |     7 |       ||     7
Dodge: Dodged            |    15 |    24 |    10 ||    49
Block: Other             |     5 |     6 |     2 ||    13
       Reflection        |       |     2 |       ||     2

Table legend: (Time is in decaauts)
 A = Elapsed time spent in this place.
 B = Non-inter-level travel time spent in this place.
 C = Inter-level travel time spent in this place.
 D = Time resting spent in this place.
 E = Time spent auto-exploring this place.
 F = Levels seen in this place.
 G = Mean time per level.
                   A        B        C        D        E       F      G
               +--------+--------+--------+--------+--------+-----+--------+
         Total |   8377 |   8030 |    347 |   1277 |   5872 |   7 | 1196.7 |
       Dungeon |   7782 |   7460 |    322 |   1277 |   5319 |   6 | 1297.0 |
        Temple |    595 |    571 |     24 |      0 |    552 |   1 |  595.0 |
               +--------+--------+--------+--------+--------+-----+--------+

Top non-repeatable levels by time:
     D:3: 2086 daAuts
     D:5: 1843 daAuts
     D:1: 1310 daAuts
     D:2: 1225 daAuts
     D:4: 1207 daAuts
  Temple: 595 daAuts
     D:6: 108 daAuts
